 Dungeon Crawl Stone Soup version 0.29-a0-296-gda187f2e07 (webtiles) character file.

Game seed: 17366769234213505333

221120 Crownlay the Phalangite (level 18, 0/267 HPs)
             Began as a Minotaur Berserker on Mar 19, 2022.
             Was an Elder of Trog.
             Succumbed to naga ritualist's concentrated venom
             ... on level 4 of the Snake Pit.
             The game lasted 01:37:51 (35390 turns).

Crownlay the Phalangite (Minotaur Berserker)       Turns: 35390, Time: 01:37:52

Health: 0/267      AC: 37    Str: 35    XL:     18   Next: 49%
Magic:  5/5        EV: 10    Int:  4    God:    Trog [****..]
Gold:   1244       SH:  5    Dex:  9    Spells: 17/17 levels left

rFire   . . .      SeeInvis +   T - +9 glaive (antimagic)
rCold   . . .      Faith    .   (shield currently unavailable)
rNeg    . . .      Spirit   .   m - +10 plate armour {Will+}
rPois   .          Reflect  +   s - +0 mask of the Dragon {Will+ Slay+3 SInv}
rElec   .          Harm     .   K - +2 cloak {Will+}
rCorr   .          Rampage  .   l - +1 pair of gloves
Will    +++++                   (no boots)
Stlth   ..........              o - amulet of reflection
HPRegen 0.54/turn               R - ring of willpower
MPRegen 0.09/turn               g - +6 ring of strength

@: berserking, lethally poisoned (0 -> -51), slowed
A: horns 2, retaliatory headbutt, iridescent scales 1, clumsy 1
}: 1/15 runes: barnacled
a: Renounce Religion, Berserk, Trog's Hand, Brothers in Arms


You were on level 4 of the Snake Pit.
You worshipped Trog.
Trog was greatly pleased with you.
You visited 5 branches of the dungeon, and saw 31 of its levels.
You also visited: Sewer, Bailey, Gauntlet and Ice Cave.

You collected 3911 gold pieces.
You spent 2667 gold pieces at shops.

Inventory:

Hand Weapons
 a - a +5 halberd of flaming
 T - a +9 antimagic glaive (weapon)
 V - a +3 vorpal bardiche
Missiles
 k - 8 boomerangs of dispersal
 E - 11 javelins
 J - 5 boomerangs (quivered)
 N - 7 silver javelins
 O - a throwing net
 Z - 3 curare-tipped darts
Armour
 j - the +2 cloak of a treasure trove {+Blink rN+ Str-4}
   (You found it in a Gauntlet)

   Str:       It affects your strength (-4).
   rN:        It protects you from negative energy.
   +Blink:    It lets you blink.
 l - a +1 pair of gloves (worn)
 m - a +10 plate armour of willpower (worn)
 s - the +0 mask of the Dragon (worn) {Will+ Slay+3 SInv}
   (You bought it in a shop on level 15 of the Dungeon)

   Slay:      It affects your accuracy & damage with ranged weapons and melee
   (+3).
   SInv:      It lets you see invisible.
   Will:      It increases your willpower.
 K - a +2 cloak of willpower (worn)
Jewellery
 g - a +6 ring of strength (right hand)
 o - an amulet of reflection (around neck)
 u - an amulet of regeneration
 z - the ring of Wiga Sua {Wiz Drain Fly rF+}
   (You found it on level 6 of the Lair of Beasts)

   [ring of wizardry]

   It improves your spell success rate.
   rF:        It protects you from fire.
   Fly:       It grants you flight.
   Drain:     It drains your maximum health when unequipped.
 F - a ring of resist corrosion
 I - a ring of protection from fire
 R - a ring of willpower (left hand)
Wands
 r - a wand of flame (88)
 C - a wand of iceblast (4)
 D - a wand of acid (8)
 M - a wand of polymorph (16)
 P - a wand of digging (17)
 Q - a wand of mindburst (5)
 W - a wand of paralysis (5)
 Y - a wand of charming (1)
Scrolls
 b - 12 scrolls of fear
 c - 3 scrolls of identify
 d - 7 scrolls of fog
 e - a scroll of brand weapon
 h - 4 scrolls of blinking
 i - 2 scrolls of holy word
 n - 6 scrolls of enchant weapon
 q - 14 scrolls of teleportation
 v - 6 scrolls of silence
 y - 8 scrolls of magic mapping
 H - 2 scrolls of summoning
Potions
 f - 3 potions of attraction
 p - 19 potions of curing
 t - 3 potions of invisibility
 w - 4 potions of heal wounds
 x - 9 potions of flight
 A - 3 potions of cancellation
 B - 6 potions of might
 L - a potion of mutation
 U - 3 potions of ambrosia
Miscellaneous
 G - a phantom mirror
 S - a condenser vane


   Skills:
 - Level 20.0 Fighting
 * Level 24.2 Polearms
 + Level 9.6 Throwing
 - Level 20.0 Armour
 - Level 2.2 Dodging
 + Level 9.9 Evocations


You had 17 spell levels left.
You didn't know any spells.
Your spell library was empty.

Dungeon Overview and Level Annotations

Branches:
Dungeon (15/15)            Temple (0/1) D:4            Lair (6/6) D:9
 Shoals (4/4) Lair:4        Snake (4/4) Lair:2        Slime (0/5) Lair:6
    Orc (2/2) D:12            Elf (0/3) Orc:2        Vaults (0/5) D:14
 Depths (0/4) D:15          Sewer (visited)          Bailey (visited)
  IceCv (visited)         Gauntlet (visited)

Altars:
Elyvilon
Fedhas
Trog
The Shining One

Shops:
D:7 [   D:10 *   D:15 :*[=   Orc:1 (   Orc:2 ?[:*   Snake:3 (=   Snake:4 :

Annotations:
D:13 1 runed translucent door, nago's ghost, journeyman DsAM
Lair:3 2 transporters, exclusion: oklob plant, namelastname112's ghost, journeyman DrBr
Shoals:3 2 transporters, starts1789's ghost, adept DECj
Snake:3 3 runed translucent doors, jt's ghost, adept FoFi; robertstho's ghost, adept DjFE


Innate Abilities, Weirdness & Mutations

You have a pair of horns on your head.
You reflexively headbutt those who attack you in melee.
You are partially covered in iridescent scales. (AC +2)
You are clumsy. (Dex -2)


Message History

You feel extremely sick.
* * * LOW HITPOINT WARNING * * *
You are more poisoned.
* * * LOW HITPOINT WARNING * * *
You are more poisoned.
The naga ritualist's toxic aura wanes.
A nagaraja comes into view. It is wielding a +0 flail.
The naga ritualist prays to its god.
The naga ritualist begins to radiate toxic energy.
* * * LOW HITPOINT WARNING * * *
You are more poisoned.
The naga ritualist constricts you. The naga ritualist spits poison at you.
The splash of poison hits you but does no damage.
You are more poisoned.
You have difficulty breathing.
* * * LOW HITPOINT WARNING * * *
You feel as though you will be slow longer.
The naga ritualist constricts you.
You barely miss the naga ritualist.
* * * LOW HITPOINT WARNING * * *
You feel extremely sick.
You slice the naga ritualist!!
The naga ritualist is moderately wounded.
Your skin stops crawling.
You feel less strong-willed.
* * * LOW HITPOINT WARNING * * *
You feel very sick.
* * * LOW HITPOINT WARNING * * *
You are more poisoned.
The naga ritualist spits poison at you.
The splash of poison hits you but does no damage.
You are more poisoned.
You have difficulty breathing.
* * * LOW HITPOINT WARNING * * *
You feel as though you will be slow longer.
The naga ritualist constricts you.
You carve the naga ritualist like a ham!!!
You kill the naga ritualist!
Trog accepts your kill.
You die...

##....##....##......#
##....##)...##......#
##....##.[..##.....##
##.......#........##
##......#.#.......#
##.....#...#......#
##....#..∩..#[....#
##.....#...#.#.[..#
##......#.#..###@##
##.......#...###)###############'
##....##.......)NN...............
##.... #........?....N...........
##... #..............)..........
+ .. #..............)...N...... #
........................ #
................)....... #
.....############...##..


You could see a nagaraja and a naga mage (fast, curare).

Vanquished Creatures
  Vashnia (Snake:2)
  Rupert (Snake:1)
  The ghost of Xenophilius the Sharpshooter, an adept GnTm of Okawaru (Orc:2)
  A sphinx (Shoals:4)
  Frances (Shoals:1)
  Kirke (Shoals:3)
  Donald (Shoals:1)
  4 nagarajas
  Louise (Snake:1)
  An orc warlord (Bailey)
  4 minotaurs
  Nessos (Orc:2)
  Azrael (Snake:1)
  2 merfolk impalers (Shoals:1)
  2 ogre magi (Orc:2)
  14 naga warriors
  6 hydras
  3 vault guards (D:14)
  A salamander tyrant (Snake:4)
  2 boulder beetles (D:14)
  2 merfolk avatars
  2 ironbound frosthearts (IceCv)
  3 merfolk aquamancers
  2 alligator snapping turtles
  4 centaur warriors
  5 anacondas
  11 two-headed ogres
  11 satyrs
  5 death yaks (IceCv)
  15 naga sharpshooters
  8 shock serpents
  Sonja (D:13)
  14 skeletal warriors
  2 salamander mystics (Snake:4)
  2 deep trolls (Orc:2)
  A flayed ghost (D:15)
  8 sea snakes
  8 naga ritualists
  Pikel (D:6)
  5 deep elf pyromancers
  A necromancer (D:15)
  A fire giant zombie (D:15)
  5 orc knights
  10 harpies
  A wolf spider (Gauntlet)
  An orc sorcerer (Orc:1)
  A tengu zombie (D:15)
  A harpy (shapeshifter) (D:14)
  7 mana vipers
  10 cyclopes
  7 salamanders
  17 elephants
  3 slime creatures (D:13)
  3 ugly things
  6 merfolk sirens
  3 oklob plants
  17 fauns
  14 manticores
  A moth of wrath (Gauntlet)
  A salamander (shapeshifter) (D:15)
  4 guardian serpents
  29 black mambas
  A stone giant skeleton (D:15)
  21 naga magi
  An ice statue (IceCv)
  6 water nymphs
  Maurice (D:9)
  A cane toad (shapeshifter) (D:13)
  3 torpor snails
  14 cane toads
  3 yaktaurs (D:15)
  2 rime drakes
  An efreet (D:15)
  2 tengu conjurers (D:10)
  4 komodo dragons
  A guardian mummy (D:15)
  A freezing wraith (D:11)
  22 merfolk
  13 trolls
  20 polar bears
  Prince Ribbit (D:5)
  7 wind drakes
  2 raiju (Lair:6)
  13 blink frogs
  A raiju (shapeshifter) (D:15)
  17 dream sheep
  6 snapping turtles
  A shadow (D:13)
  6 water elementals
  2 wraiths
  79 yaks
  2 wyverns
  5 fire elementals (Snake:1)
  Eustachio (D:6)
  11 vampire mosquitoes
  A golden eye (shapeshifter) (D:14)
  5 hogs (Shoals:3)
  2 redbacks (Gauntlet)
  3 basilisks
  Menkaure (D:5)
  Edmund (D:6)
  35 nagas
  8 wargs
  A human zombie (D:15)
  7 water moccasins
  Duvessa (D:6)
  16 hell hounds
  An ice beast (D:7)
  20 ogres
  37 orc warriors
  15 black bears
  3 boggarts (D:15)
  10 centaurs
  40 wolves
  A lemure (D:6)
  A phantom (D:7)
  A kobold brigand (D:10)
  12 bullfrogs
  4 scorpions
  2 necrophages
  2 gnoll sergeants
  Dowan (D:6)
  3 wights (D:9)
  An electric eel (Lair:2)
  2 howler monkeys
  11 orc priests
  3 hounds
  A jelly (D:6)
  3 iguanas
  14 orc wizards
  Terence (D:2)
  12 gnolls
  15 adders
  2 shadow imps
  2 white imps (D:6)
  2 ufetubi
  2 worms
  2 dart slugs
  84 orcs
  2 endoplasms
  4 giant cockroaches
  18 goblins
  17 hobgoblins
  6 jackals
  3 quokkas
  6 ball pythons
  5 bats
  8 frilled lizards
  7 kobolds
  8 rats
1048 creatures vanquished.

Vanquished Creatures (collateral kills)
  A naga warrior (Snake:4)
  A vault guard (D:14)
  A naga sharpshooter (Snake:4)
  An obsidian statue (Gauntlet)
  A faun (Shoals:4)
  A salamander (Snake:4)
  A water nymph (Shoals:4)
  A troll (Orc:2)
  A merfolk (Shoals:4)
  A naga (Snake:1)
  3 orc warriors
  An ogre (Orc:2)
  2 orcs
16 creatures vanquished.

Vanquished Creatures (others)
  A manticore (Shoals:1)
  A goblin (D:4)
  10 fungi
  35 plants
  3 withered plants (D:15)
50 creatures vanquished.

Grand Total: 1114 creatures vanquished

Notes
Turn   | Place    | Note
-------+----------+-------------------------------------------
     0 | D:1      | Crownlay the Minotaur Berserker began the quest for the
                  | Orb.
     0 | D:1      | Reached XP level 1. HP: 19/19 MP: 0/0
    80 | D:1      | Reached skill level 4 in Polearms
    98 | D:1      | Reached XP level 2. HP: 26/26 MP: 1/1
   364 | D:1      | Found a faded altar of an unknown god.
   577 | D:1      | Reached ** piety under Trog
   954 | D:1      | Reached XP level 3. HP: 31/31 MP: 2/2
  1318 | D:2      | Noticed Terence
  1325 | D:2      | Killed Terence
  1326 | D:2      | Reached skill level 5 in Polearms
  1368 | D:2      | Reached XP level 4. HP: 39/39 MP: 3/3
  2400 | D:3      | Reached skill level 6 in Polearms
  2585 | D:3      | Reached XP level 5. HP: 45/45 MP: 4/4
  2853 | D:4      | Identified the +4 hunting sling of Dissatisfaction {vorpal,
                  | rN+}
  2856 | D:4      | Found a glowing drain.
  2885 | Sewer    | Entered a sewer
  2909 | Sewer    | Reached *** piety under Trog
  3217 | D:4      | Reached skill level 7 in Polearms
  3217 | D:4      | Reached XP level 6. HP: 41/51 MP: 5/5
  3837 | D:4      | Found a staircase to the Ecumenical Temple.
  4016 | D:5      | Entered Level 5 of the Dungeon
  4025 | D:5      | Reached skill level 5 in Armour
  4048 | D:5      | Reached skill level 8 in Polearms
  4177 | D:5      | Noticed an orc warrior
  4196 | D:5      | Killed an orc warrior
  4197 | D:5      | Reached skill level 9 in Polearms
  4197 | D:5      | Reached XP level 7. HP: 13/57 MP: 6/6
  4272 | D:5      | Noticed Prince Ribbit
  4297 | D:5      | Killed Prince Ribbit
  4298 | D:5      | Reached skill level 10 in Polearms
  4687 | D:5      | Noticed Menkaure
  4708 | D:5      | Reached XP level 8. HP: 56/64 MP: 7/7
  4710 | D:5      | Killed Menkaure
  4903 | D:6      | Noticed Pikel
  4919 | D:6      | Killed Pikel
  4920 | D:6      | Reached skill level 11 in Polearms
  4921 | D:6      | Noticed Eustachio
  4926 | D:6      | Reached skill level 12 in Polearms
  4935 | D:6      | Killed Eustachio
  4951 | D:6      | Reached XP level 9. HP: 64/71 MP: 8/8
  4994 | D:6      | Noticed a troll
  4998 | D:6      | Killed a troll
  5031 | D:6      | Noticed Duvessa
  5034 | D:6      | Noticed Dowan
  5040 | D:6      | Killed Duvessa
  5041 | D:6      | Reached skill level 5 in Fighting
  5055 | D:6      | Killed Dowan
  5433 | D:6      | Noticed Edmund
  5440 | D:6      | Killed Edmund
  5502 | D:7      | Reached **** piety under Trog
  5702 | D:7      | Found a glowing golden altar of the Shining One.
  5739 | D:7      | Reached skill level 13 in Polearms
  5791 | D:7      | Found a flagged portal.
  5801 | Bailey   | Entered a bailey
  5876 | Bailey   | Noticed an orc knight
  5899 | Bailey   | Killed an orc knight
  5900 | Bailey   | Reached skill level 10 in Armour
  5900 | Bailey   | Reached XP level 10. HP: 86/86 MP: 9/9
  6111 | Bailey   | Identified the +3 dagger of Ehut {drain, rN+}
  6119 | Bailey   | Noticed an orc warlord
  6128 | Bailey   | Reached skill level 17 in Polearms
  6128 | Bailey   | Reached XP level 11. HP: 86/94 MP: 10/10
  6145 | Bailey   | Killed an orc warlord
  6476 | D:7      | Found Li Erlang's Dragon-Slaying Spoils.
  7431 | D:9      | Noticed a two-headed ogre
  7440 | D:9      | Killed a two-headed ogre
  7441 | D:9      | Reached skill level 18 in Polearms
  7563 | D:9      | Noticed Maurice
  7572 | D:9      | Killed Maurice
  7684 | D:9      | Reached skill level 10 in Fighting
  8019 | D:9      | Found a staircase to the Lair.
  8235 | D:10     | Entered Level 10 of the Dungeon
  8278 | D:10     | Found Gyagaipt's General Store.
  8281 | D:10     | Bought a potion of heal wounds for 60 gold pieces
  8281 | D:10     | Bought a scroll of identify for 24 gold pieces
  8281 | D:10     | Bought a scroll of teleportation for 36 gold pieces
  8281 | D:10     | Bought a potion of degeneration for 12 gold pieces
  8587 | D:10     | Noticed a deep elf pyromancer
  8600 | D:10     | Killed a deep elf pyromancer
  8749 | D:10     | Noticed a two-headed ogre
  8754 | D:10     | Killed a two-headed ogre
  8755 | D:10     | Reached XP level 12. HP: 65/107 MP: 11/11
  8886 | D:10     | Reached skill level 19 in Polearms
  9037 | D:11     | Noticed a two-headed ogre
  9047 | D:11     | Killed a two-headed ogre
  9116 | D:11     | Found a gate leading to a gauntlet.
  9153 | Gauntlet | Entered a Gauntlet
  9153 | Gauntlet | Found a transporter.
  9153 | Gauntlet | Found a transporter.
  9154 | Gauntlet | Found a transporter.
  9157 | Gauntlet | Found a transporter.
  9157 | Gauntlet | Found a transporter.
  9159 | Gauntlet | Found a large runed translucent door.
  9160 | Gauntlet | Found a large runed translucent door.
  9161 | Gauntlet | Found a large runed translucent door.
  9161 | Gauntlet | Found a large runed translucent door.
  9161 | Gauntlet | Found a runed translucent door.
  9162 | Gauntlet | Found a large runed translucent door.
  9163 | Gauntlet | Found a large runed translucent door.
  9164 | Gauntlet | Found a large runed translucent door.
  9164 | Gauntlet | Found a large runed translucent door.
  9165 | Gauntlet | Found a runed translucent gate.
  9167 | Gauntlet | Found a transporter.
  9172 | Gauntlet | Found a runed translucent gate.
  9172 | Gauntlet | Found a transporter.
  9173 | Gauntlet | Found a runed translucent gate.
  9173 | Gauntlet | Found a runed translucent door.
  9176 | Gauntlet | Found a large runed translucent door.
  9176 | Gauntlet | Found a large runed translucent door.
  9177 | Gauntlet | Found a large runed translucent door.
  9178 | Gauntlet | Found a large runed translucent door.
  9180 | Gauntlet | Found a transporter.
  9188 | Gauntlet | Found a transporter.
  9206 | Gauntlet | Found a transporter.
  9214 | Gauntlet | Found a transporter.
  9232 | Gauntlet | Found a transporter.
  9315 | Gauntlet | Found a large runed translucent door.
  9315 | Gauntlet | Found a large runed translucent door.
  9316 | Gauntlet | Found a large runed translucent door.
  9317 | Gauntlet | Found a large runed translucent door.
  9795 | Gauntlet | Identified the +2 cloak of a treasure trove {+Blink rN+
                  | Str-4}
  9818 | Gauntlet | Noticed a minotaur
  9831 | Gauntlet | Killed a minotaur
 10418 | D:12     | Reached skill level 20 in Polearms
 10482 | D:12     | Found a staircase to the Orcish Mines.
 10956 | D:13     | Reached skill level 1 in Throwing
 10958 | D:13     | Reached skill level 1 in Evocations
 11032 | Lair:1   | Entered Level 1 of the Lair of Beasts
 11706 | Lair:2   | Noticed a five-headed hydra
 11706 | Lair:2   | You fall into a shaft and drop 2 floors!
 11732 | Lair:4   | Found a frozen archway.
 11741 | IceCv    | Entered an ice cave
 11791 | IceCv    | Reached XP level 13. HP: 118/118 MP: 12/12
 11967 | IceCv    | Reached ***** piety under Trog
 12394 | IceCv    | Reached skill level 5 in Throwing
 12867 | Lair:4   | Reached skill level 5 in Evocations
 12887 | Lair:4   | Found a staircase to the Shoals.
 13803 | Lair:5   | Received a gift from Trog
 13871 | Lair:5   | Reached XP level 14. HP: 118/132 MP: 4/13
 14776 | Lair:6   | Entered Level 6 of the Lair of Beasts
 14852 | Lair:6   | Reached skill level 15 in Armour
 14853 | Lair:6   | Reached skill level 15 in Fighting
 14914 | Lair:6   | Found a staircase to the Slime Pits.
 15586 | Lair:6   | Identified the ring of Wiga Sua {Wiz Drain Fly rF+}
 16444 | Lair:3   | Found a transporter.
 16457 | Lair:3   | Found a transporter.
 16458 | Lair:3   | Noticed namelastname112's ghost (journeyman DrBr)
 16490 | Lair:3   | Received a gift from Trog
 17036 | Lair:3   | Found a blossoming altar of Fedhas.
 17840 | Lair:2   | Reached XP level 15. HP: 145/145 MP: 4/14
 17977 | Lair:2   | Found a staircase to the Snake Pit.
 18431 | Orc:1    | Entered Level 1 of the Orcish Mines
 18631 | Orc:1    | Received a gift from Trog
 18667 | Orc:1    | Found Toboin's Weapon Shoppe.
 18860 | Orc:2    | Entered Level 2 of the Orcish Mines
 19055 | Orc:2    | Found Cukhlih's Book Shop.
 19074 | Orc:2    | Found Teaff's Magic Scroll Shoppe.
 19081 | Orc:2    | Found Tidiec's Armour Shoppe.
 19089 | Orc:2    | Found Vuuvvies's General Store.
 19122 | Orc:2    | Bought a potion of attraction for 51 gold pieces
 19122 | Orc:2    | Bought a potion of curing for 51 gold pieces
 19137 | Orc:2    | Bought a scroll of magic mapping for 52 gold pieces
 19137 | Orc:2    | Bought a scroll of identify for 30 gold pieces
 19137 | Orc:2    | Bought a scroll of identify for 30 gold pieces
 19137 | Orc:2    | Bought a scroll of identify for 30 gold pieces
 19137 | Orc:2    | Bought a scroll of fear for 52 gold pieces
 19137 | Orc:2    | Bought a scroll of identify for 30 gold pieces
 19137 | Orc:2    | Bought a scroll of magic mapping for 52 gold pieces
 19152 | Orc:2    | Found a staircase to the Elven Halls.
 19387 | Orc:2    | Noticed Nessos
 19398 | Orc:2    | Killed Nessos
 19502 | Orc:2    | Noticed Xenophilius's ghost (adept GnTm)
 19503 | Orc:2    | Found a runed translucent door.
 19751 | Orc:2    | Killed Xenophilius's ghost
 19758 | Orc:2    | Gained mutation: You are occasionally teleported next to
                  | monsters. [mutagenic glow]
 19980 | Orc:2    | Bought a scroll of enchant armour for 127 gold pieces
 20068 | D:13     | Noticed Sonja
 20076 | D:13     | Killed Sonja
 20097 | D:13     | Found a runed translucent door.
 20097 | D:13     | Noticed nago's ghost (journeyman DsAM)
 20292 | D:13     | Reached skill level 21 in Polearms
 20399 | D:13     | Found a white marble altar of Elyvilon.
 20551 | D:14     | Received a gift from Trog
 20709 | D:14     | Found a gate to the Vaults.
 21398 | D:15     | Entered Level 15 of the Dungeon
 21407 | D:15     | Reached XP level 16. HP: 153/157 MP: 5/15
 21412 | D:15     | Found Kiuxecy's Assorted Antiques.
 21418 | D:15     | Bought the +0 mask of the Dragon {Will+ Slay+3 SInv} for
                  | 1068 gold pieces
 21418 | D:15     | Found the +0 mask of the Dragon {Will+ Slay+3 SInv}
 21418 | D:15     | Bought a scroll of enchant weapon for 240 gold pieces
 21418 | D:15     | Bought a scroll of fear for 112 gold pieces
 21418 | D:15     | Bought a potion of heal wounds for 160 gold pieces
 21522 | D:15     | Found Otuaho's Book Boutique.
 21743 | D:15     | Found a staircase to the Depths.
 21840 | D:15     | Found Regh's Armour Shoppe.
 21896 | D:15     | Lost mutation: You are occasionally teleported next to
                  | monsters. [potion of mutation]
 21896 | D:15     | Gained mutation: Your movements are slightly less
                  | encumbered by armour. (ER -2) [potion of mutation]
 21896 | D:15     | Lost mutation: Your movements are slightly less encumbered
                  | by armour. (ER -2) [potion of mutation]
 21896 | D:15     | Gained mutation: You are clumsy. (Dex -2) [potion of
                  | mutation]
 21896 | D:15     | Gained mutation: You are partially covered in iridescent
                  | scales. (AC +2) [potion of mutation]
 22136 | D:15     | Found Plog's Jewellery Shop.
 22420 | Shoals:1 | Entered Level 1 of the Shoals
 22913 | D:15     | Bought an amulet of reflection for 450 gold pieces
 23153 | Shoals:1 | Noticed Donald
 23367 | Shoals:1 | Killed Donald
 23590 | Shoals:1 | Noticed Frances
 23595 | Shoals:1 | Killed Frances
 24652 | Shoals:2 | Reached skill level 22 in Polearms
 26237 | Shoals:3 | Found a bloodstained altar of Trog.
 26239 | Shoals:3 | Noticed starts1789's ghost (adept DECj)
 26245 | Shoals:3 | Noticed Kirke
 26246 | Shoals:3 | Found a transporter.
 26258 | Shoals:3 | Killed Kirke
 26270 | Shoals:3 | Found a transporter.
 26831 | Shoals:4 | Entered Level 4 of the Shoals
 27413 | Shoals:4 | Received a gift from Trog
 27426 | Shoals:4 | Reached XP level 17. HP: 135/168 MP: 5/16
 28192 | Shoals:4 | Got a barnacled rune of Zot
 28430 | Snake:1  | Entered Level 1 of the Snake Pit
 29008 | Snake:1  | Noticed Louise
 29026 | Snake:1  | Noticed Azrael
 29336 | Snake:1  | Killed Louise
 29342 | Snake:1  | Killed Azrael
 29483 | Snake:1  | Reached skill level 23 in Polearms
 29637 | Snake:1  | Noticed Rupert
 29647 | Snake:1  | Killed Rupert
 30564 | Snake:2  | Noticed Vashnia
 30590 | Snake:2  | Killed Vashnia
 30760 | Snake:2  | You fall into a shaft and drop 1 floor!
 31754 | Snake:2  | Reached XP level 18. HP: 162/178 MP: 5/17
 33163 | Snake:3  | Found a runed translucent gate.
 33163 | Snake:3  | Found a runed translucent gate.
 33163 | Snake:3  | Found a runed translucent gate.
 33165 | Snake:3  | Noticed jt's ghost (adept FoFi)
 33165 | Snake:3  | Noticed robertstho's ghost (adept DjFE)
 33180 | Snake:3  | Found Geubipat's Jewellery Emporium.
 33190 | Snake:3  | Found Exzoll's Antique Weapon Emporium.
 33814 | Snake:4  | Entered Level 4 of the Snake Pit
 34585 | Snake:4  | Found Racia's Book Boutique.
 34721 | Snake:4  | Reached skill level 24 in Polearms
 35389 | Snake:4  | HP: 8/267 [asphyx]
 35390 | Snake:4  | Succumbed to naga ritualist's concentrated venom

Illustrated notes

Levels and vault maps discovered:
D:1:      wander_arrival_peaceful_grave, layout_rooms,
          ebering_ecumenical_altar_box, grunt_decor_resistance,
          minmay_crystal_water
D:2:      layout_basic, uniq_terence
D:3:      layout_basic
D:4:      layout_loops_corners, minmay_temple_entry_statues_fountains,
          gup_sewer_entry_glass
D:5:      layout_basic, hex_large, saegor_snake_ambush, uniq_prince_ribbit1,
          uniq_menkaure
D:6:      layout_layer_cave, minmay_microvault, uniq_eustachio, uniq_edmund,
          uniq_duvessa, uniq_pikel
D:7:      layout_rooms, mainiacjoe_overflow_six_doors_small, enter_bailey_2,
          moated_statue, hangedman_glass_teeth, chequers_serial_rivers_room_a,
          nicolae_shop_dragon_depot
D:8:      layout_cave_pods
D:9:      layout_stronghold, lair_entry_dummy, kennysheep_cross_room,
          uniq_maurice
D:10:     layout_irregular_city, serial_shops, kennysheep_mini_moat
D:11:     layout_rooms, gauntlet_entry_generic
D:12:     layout_irregular_city, david_orc_1_choice
D:13:     layout_rooms, gammafunk_ghost_grave, elyvilon_altar_5, uniq_sonja
D:14:     layout_irregular_city, lightli_vaults_fourway_checkpoint
D:15:     gammafunk_depths_entry_grave, layout_rooms, nrook_campfire,
          serial_shops, shop, nicolae_diamond_shop, shop_fountains,
          nicolae_shop_behind_doors, lemuel_flame_loot_1
Lair:1:   wander_river, layout_chaotic_city, grunt_megastairs_1,
          infiniplex_staircase_pool_2
Lair:2:   layout_gridlike, dummy_snake_entry, lemuel_fruit_fields
Lair:3:   layout_cave_pods, nzn_ghost_randoct, hangedman_tree_tricks,
          minivault_24, lemuel_fruit_tree
Lair:4:   layout_cave_pods, minmay_shoals_entry_beasts,
          portal_ice_cave_entry_pillars_2, serial_bayou_shore_b
Lair:5:   layout_cave_pods
Lair:6:   hangedman_lair_caniforms_friends, layout_cellular_growth,
          dpeg_slime_entry_corner
Shoals:1: layout_shoals, uniq_frances, uniq_donald
Shoals:2: layout_shoals
Shoals:3: layout_shoals, gammafunk_ghost_wrathful_warriors, uniq_kirke
Shoals:4: shoals_end_hellmonk_lost_city
Snake:1:  layout_rooms, uniq_azrael, uniq_louise, uniq_rupert
Snake:2:  layout_onion_interference, evilmike_ambush
          [evilmike_ambush_outer_pillars, evilmike_ambush_inner_basic],
          grunt_megastairs_2, serial_bayou_shore_b, uniq_vashnia
Snake:3:  layout_layer_cave, gammafunk_ghost_cemetery, nicolae_wooded_promenade,
          nrook_guardian_serpent_double
Snake:4:  snake_pit, layout_grid_maze, basic_altar, serial_shops,
          nicolae_diamond_shop
Orc:1:    layout_caves, serial_shops, shop
Orc:2:    st_orc_open, layout_caves, hellmonk_ghost_happy_afterlife, uniq_nessos

Skill      XL: |  1  2  3  4  5  6  7  8  9 10 11 12 13 14 15 16 17 18 |
---------------+-------------------------------------------------------+-----
Polearms       | 4 5 6 7 9 10 12 13 17 18 20 21 22 23 24 | 24.2
Armour         | 3 4 5 6 8 10 12 14 15 16 17 19 20 | 20.0
Fighting       | 4 7 8 10 12 14 16 18 19 20 | 20.0
Throwing       | 2 5 6 7 8 9 |  9.6
Evocations     | 2 5 7 8 9 |  9.9
Dodging        | |  2.2

Action                   |  1- 3 |  4- 6 |  7- 9 | 10-12 | 13-15 | 16-18 || total
-------------------------+-------+-------+-------+-------+-------+-------++-------
Melee: Spear             |    83 |    52 |       |       |       |       ||   135
       Headbutt          |    13 |    19 |    25 |    67 |   192 |   114 ||   430
       Punch             |     1 |       |       |       |       |       ||     1
       Glaive            |       |    90 |   192 |   502 |  1017 |   960 ||  2761
       Flail             |       |       |       |       |    54 |       ||    54
 Fire: Hunting sling     |       |    43 |    24 |       |       |       ||    67
Throw: Boomerang         |       |       |       |     7 |    20 |   199 ||   226
       Javelin           |       |       |       |       |     2 |       ||     2
       Dart              |       |       |       |       |     2 |       ||     2
       Throwing net      |       |       |       |       |       |     1 ||     1
Invok: Berserk           |     2 |     1 |     3 |     9 |    16 |    19 ||    50
       Trog's Hand       |       |     1 |     4 |    11 |    18 |    36 ||    70
       Brothers in Arms  |       |       |       |     2 |     3 |     6 ||    11
Evoke: Wand              |       |       |     2 |       |     2 |    17 ||    21
       Condenser vane    |       |       |       |       |       |     1 ||     1
  Use: Scroll            |       |     4 |     5 |    13 |    12 |    15 ||    49
       Potion            |       |       |       |     1 |     2 |     8 ||    11
Armor: Animal skin       |    12 |       |       |       |       |       ||    12
       Scale mail        |     2 |    96 |     3 |       |   255 |       ||   356
       Plate armour      |       |       |   143 |   217 |   170 |   447 ||   977
Dodge: Dodged            |    36 |    76 |    98 |   126 |   333 |   250 ||   919
       Repelled          |       |     2 |     2 |       |       |       ||     4
Block: Other             |       |       |       |       |       |   106 ||   106
       Reflection        |       |       |       |       |       |    29 ||    29

Table legend: (Time is in decaauts)
 A = Elapsed time spent in this place.
 B = Non-inter-level travel time spent in this place.
 C = Inter-level travel time spent in this place.
 D = Time resting spent in this place.
 E = Time spent auto-exploring this place.
 F = Levels seen in this place.
 G = Mean time per level.
                   A        B        C        D        E       F      G
               +--------+--------+--------+--------+--------+-----+--------+
         Total |  35593 |  33508 |   2085 |   2865 |  22923 |  35 | 1016.9 |
       Dungeon |  12303 |  11393 |    910 |     63 |   8981 |  15 |  820.2 |
          Lair |   7368 |   6585 |    783 |    268 |   5221 |   6 | 1228.0 |
        Shoals |   5345 |   5135 |    210 |    619 |   3360 |   4 | 1336.2 |
     Snake Pit |   6527 |   6456 |     71 |   1806 |   3396 |   4 | 1631.8 |
  Orcish Mines |   1555 |   1445 |    110 |     38 |    919 |   2 |  777.5 |
         Sewer |    287 |    287 |      0 |      0 |    222 |   1 |  287.0 |
        Bailey |    511 |    511 |      0 |     22 |    229 |   1 |  511.0 |
      Ice Cave |    945 |    945 |      0 |     45 |    377 |   1 |  945.0 |
      Gauntlet |    749 |    749 |      0 |      3 |    216 |   1 |  749.0 |
               +--------+--------+--------+--------+--------+-----+--------+

Top non-repeatable levels by time:
 Snake:2: 2093 daAuts
Shoals:3: 1994 daAuts
 Snake:3: 1732 daAuts
  Lair:4: 1615 daAuts
 Snake:4: 1575 daAuts
Shoals:1: 1410 daAuts
  Lair:6: 1365 daAuts
  Lair:2: 1286 daAuts
  Lair:3: 1190 daAuts
  Lair:5: 1150 daAuts
 Snake:1: 1126 daAuts
     D:3: 1100 daAuts
     D:1: 1085 daAuts
    D:14: 1065 daAuts
Shoals:4: 1011 daAuts
